 Dungeon Crawl Stone Soup version 0.31-a0-1134-gb247575874 (webtiles) character file.

Game seed: 11251424338572299439

87058 Armakuni the Fencer (level 16, -19/122 HPs)
             Began as a Human Fighter on Dec 3, 2023.
             Was an Initiate of Gozag.
             Killed by the raging water
             ... invoked by a water nymph
              (30 damage)
             ... on level 1 of the Shoals on Dec 5, 2023.
             The game lasted 01:27:22 (26353 turns).

Armakuni the Fencer (Human Fighter)                Turns: 26353, Time: 01:27:22

Health: -19/122    AC: 25    Str: 20    XL:     16   Next: 36%
Magic:  16/16      EV: 17    Int: 10    God:    Gozag
Gold:   160        SH:  9    Dex: 29    Spells: 15/15 levels left

rFire   + + .        a - +1 scimitar (elec)
rCold   + . .        U - +2 buckler
rNeg    + + +        y - +5 chain mail of Gravitas {Str+4}
rPois   .            f - +1 helmet of the Devil's Advocate {rF++}
rElec   +            B - +1 cloak {Will+}
rCorr   .            E - +0 pair of gloves "Ystroylle" {Rampage rC+}
SInv    .            z - +1 pair of boots {Stlth+}
Will    ++...        R - amulet "Quroxt Gane" {Acrobat rElec rN+++ Regen+ Dex-3}
Stlth   +            D - +6 ring of dexterity
HPRegen 1.20/turn    V - +6 ring of dexterity
MPRegen 0.15/turn

%: acrobat, rampage
@: gold aura, studying 2 skills, very slow
A: no striking features
a: Renounce Religion, Potion Petition, Call Merchant, Bribe Branch


You were on level 1 of the Shoals.
You worshipped Gozag.
Gozag was aware of your devotion.
You visited 6 branches of the dungeon, and saw 25 of its levels.
You also visited: Sewer and Gauntlet.

You collected 7743 gold pieces.
You spent 5705 gold pieces at shops.
You paid 1878 gold pieces to Gozag.

Inventory:

Hand Weapons
 a - a +1 scimitar of electrocution (weapon)
 b - a +2 heavy hand cannon
Missiles
 A - 2 curare-tipped darts (quivered)
Armour
 f - the +1 helmet of the Devil's Advocate (worn) {rF++}
   (You found it in a Gauntlet)

   rF++:      It greatly protects you from fire.
 y - the +5 chain mail of Gravitas (worn) {Str+4}
   (You bought it in a shop on level 1 of the Lair of Beasts)

   Str+4:     It affects your strength (+4).
 z - a +1 pair of boots of stealth (worn)
 B - a +1 cloak of willpower (worn)
 E - the +0 pair of gloves "Ystroylle" (worn) {Rampage rC+}
   (You bought it in a shop on level 1 of the Lair of Beasts)

   rC+:       It protects you from cold.
   Rampage:   It bestows one free step when moving towards enemies.
 U - a +2 buckler (worn)
Jewellery
 D - a +6 ring of dexterity (left hand)
 J - a ring of protection from cold
 L - a ring of flight
 R - the amulet "Quroxt Gane" (around neck) {Acrobat rElec rN+++ Regen+ Dex-3}
   (You bought it in a shop on level 13 of the Dungeon)

   [amulet of the acrobat]

   Acrobat:   It increases your evasion while moving and waiting.
   Dex-3:     It affects your dexterity (-3).
   rElec:     It insulates you from electricity.
   rN+++:     It renders you almost immune to negative energy.
   Regen+:    It increases your rate of health regeneration.
 V - a +6 ring of dexterity (right hand)
 W - a ring of willpower
Wands
 c - a wand of charming (3)
 k - a wand of digging (12)
 r - a wand of roots (11)
 w - a wand of mindburst (4)
Scrolls
 i - a scroll of blinking
 m - 3 scrolls of vulnerability
 q - 5 scrolls of identify
 s - 6 scrolls of enchant armour
 t - 7 scrolls of teleportation
 v - a scroll of butterflies
 C - 2 scrolls of fear
 G - 2 scrolls of poison
 K - 4 scrolls of revelation
 O - a scroll of amnesia
 Q - a scroll of noise
Potions
 h - a potion of berserk rage
 j - 7 potions of curing
 l - 2 potions of cancellation
 o - 2 potions of brilliance
 p - 7 potions of ambrosia
 F - 2 potions of attraction
 H - 3 potions of lignification
 I - 5 potions of haste
 P - a potion of magic
 S - 2 potions of heal wounds
 T - 2 potions of enlightenment
 X - 4 potions of mutation
Miscellaneous
 n - a condenser vane
 Y - a sack of spiders


   Skills:
 - Level 10.0 Fighting
 - Level 6.6(14.3) Short Blades
 - Level 19.6(20.0) Long Blades
 + Level 8.5 Ranged Weapons
 - Level 10.0 Armour
 - Level 11.2 Dodging
 - Level 4.0 Shields
 - Level 5.0 Evocations


You had 15 spell levels left.
You didn't know any spells.
Your spell library contained the following spells:

 Spells                   Type           Power      Damage    Failure   Level
 Foxfire                  Conj/Fire      0%         2x1d4     95%         1
 Kiss of Death            Conj/Necr      0%         2d5       95%         1
 Blink                    Tloc           0%         N/A       98%         2
 Poisonous Vapours        Pois/Air       0%         N/A       98%         2
 Static Discharge         Conj/Air       0%         3-3/arc   98%         2
 Sublimation of Blood     Necr           0%         N/A       98%         2
 Wereblood                Tmut           0%         N/A       98%         2
 Mephitic Cloud           Conj/Pois/Air  0%         N/A       100%        3
 Ozocubu's Armour         Ice            0%         N/A       100%        3
 Manifold Assault         Tloc           0%         N/A       100%        4
 Olgreb's Toxic Radiance  Pois           0%         N/A       100%        4
 Vhi's Electric Charge    Tloc/Air       0%         N/A       100%        4
 Arcjolt                  Conj/Air       0%         1d10      100%        5
 Borgnjor's Vile Clutch   Necr/Erth      0%         N/A       100%        5
 Freezing Cloud           Conj/Ice/Air   0%         6-21      100%        5
 Metabolic Englaciation   Hex/Ice        0%         N/A       100%        5
 Conjure Ball Lightning   Conj/Air       0%         3x3d6     100%        6
 Death Channel            Necr           0%         N/A       100%        6
 Plasma Beam              Fire/Air       0%         2x1d10    100%        6
 Starburst                Conj/Fire      0%         6d3       100%        6
 Summon Hydra             Summ           0%         N/A       100%        7
 Discord                  Hex            0%         N/A       100%        8
 Disjunction              Tloc           0%         N/A       100%        8
 Ignition                 Fire           0%         3d3       100%        8
 Animate Dead             Necr           Unusable   N/A       N/A         4
 Simulacrum               Ice/Necr       Unusable   N/A       N/A         6

Dungeon Overview and Level Annotations

Branches:
Dungeon (15/15)            Temple (1/1) D:7            Lair (5/5) D:11
 Shoals (1/4) Lair:2       Spider (0/4) Lair:3          Orc (2/2) D:12
    Elf (0/3) Orc:2        Vaults (0/5) D:14         Depths (1/4) D:15
  Sewer (visited)         Gauntlet (visited)
  Slime: Lair:4-5

Altars:
Ashenzari
Cheibriados
Dithmenos
Elyvilon
Gozag
Hepliaklqana
Kikubaaqudgha
Makhleb
Nemelex Xobeh
Okawaru
Qazlal
Ru
Sif Muna
Trog
Uskayaw
Vehumet
Wu Jian
Xom
Yredelemnul
Zin
The Shining One

Shops:
D:5 :   D:8 !   D:10 ([   D:13 *   Orc:2 !:?[   Lair:1 *[

Portals:
Pandemonium: Orc:2

Annotations:
D:7 1 transporter
D:9 Amaemon
Lair:2 exclusion: oklob plant
Lair:4 1 runed translucent door, exclusions: downstairs and oklob plant
Lair:5 1 runed translucent door, Rupert


Message History

You block the water nymph's attack.
Unknown command.
You hit the water nymph but do no damage.
The harpy claws you but does no damage. x2; You block the sea snake's attack.
Unknown command.
Your unstable footing causes you to fumble your attack.
The harpy is no longer distracted by gold.
You block the harpy's attack. The harpy barely misses you.
The water nymph touches you. The water nymph drowns you!
The sea snake misses you.
Unknown command.
You slice the water nymph!!
The water nymph is heavily wounded.
The sea snake barely misses you. The water nymph misses you.
The harpy is distracted by your dazzling golden aura.
Unknown command.
The harpy screeches!
You slash the water nymph!
The water nymph is heavily wounded.
The harpy is no longer distracted by gold.
You block the harpy's attack. x2; The harpy claws you.
* * * LOW HITPOINT WARNING * * *
The harpy closely misses you. The sea snake bites you!
* * * LOW HITPOINT WARNING * * *
The water nymph touches you.
* * * LOW HITPOINT WARNING * * *
The water nymph drowns you!
* * * LOW HITPOINT WARNING * * *
Unknown command.
You completely miss the water nymph.
The water nymph is heavily wounded.
The sea snake completely misses you. You block the harpy's attack.
The harpy misses you.
Unknown command.
You barely miss the water nymph.
The water nymph is heavily wounded.
The water nymph gestures at you while chanting.
The water swirls and strikes you!!
You die...
Your body crumbles into a pile of gold.

.~~.... .≈≈~...
~~.~...#.~~.~~.
~.~~.....~~..~~
~~~~.....~~~~~≈
~~$~~..~~~~~≈
#~m....~~~~~
#~S~H...~~~
#~m@H...~~~ ~
#~~~##..~~≈
....... ~~≈
~≈~~~~~~~~ ≈
~≈~~≈≈≈≈~~~
#~~~~~~≈~~~~
#....~≈≈≈≈≈≈≈
##...~~≈≈≈≈≈≈≈


You could see a sea snake, 2 water nymphs and 2 harpies.

Vanquished Creatures
  Kirke (D:14)
  An orc warlord (Orc:2)
  Azrael (D:12)
  A minotaur (Gauntlet)
  A fire dragon (D:15)
  Josephine (D:12)
  3 hydras
  An ice dragon (D:15)
  2 catoblepae
  3 demonspawn (Orc:2)
  2 boulder beetles
  3 centaur warriors
  3 two-headed ogres
  A tengu warrior (Gauntlet)
  7 orc high priests (Orc:2)
  Lodul (D:14)
  An arcanist (D:14)
  An obsidian statue (Gauntlet)
  A necromancer (D:14)
  7 orc knights
  A wolf spider (Lair:5)
  2 deep elf pyromancers
  2 harpies (Shoals:1)
  6 orc sorcerers
  An oklob plant (Gauntlet)
  4 ugly things
  4 manticores
  6 cyclopes
  A guardian serpent (Lair:5)
  A rust devil (Orc:2)
  8 black mambas
  4 kobold blastminers
  An orange demon (D:9)
  9 cane toads
  An unseen horror (D:12)
  An efreet (D:11)
  3 kobold demonologists
  2 freezing wraiths (D:14)
  A minotaur zombie (Gauntlet)
  A tengu conjurer (Gauntlet)
  4 rime drakes
  An ice devil (Orc:2)
  7 komodo dragons
  A polar bear (Lair:4)
  12 trolls
  A queen bee (D:14)
  3 meliai (D:14)
  2 merfolk (Lair:2)
  Grinder (D:5)
  3 hornets
  18 blink frogs
  A vampire (D:14)
  2 ynoxinuls (Orc:2)
  A shadow (D:10)
  16 slime creatures
  39 yaks
  10 wyverns
  A spriggan (D:15)
  2 hogs (D:14)
  2 basilisks (Lair:3)
  7 wraiths
  3 humans
  3 fire elementals (D:12)
  7 redbacks
  8 vampire mosquitoes
  3 wargs
  2 acid dragons (Gauntlet)
  2 hell hounds (D:12)
  15 water moccasins
  27 orc warriors
  A black bear (D:6)
  3 hornet zombies (D:7)
  2 sky beasts
  12 ogres
  21 wolves
  19 centaurs
  A phantom (D:5)
  10 kobold brigands
  15 bullfrogs
  3 gnoll sergeants
  12 wights
  26 killer bees
  An electric eel (Lair:2)
  6 howler monkeys
  A centaur zombie (D:7)
  2 bullfrog zombies (D:7)
  3 hounds
  8 jellies
  30 orc priests
  A gnoll bouda (D:5)
  Jessica (D:2)
  A sleepcap (D:4)
  3 iguanas
  19 orc wizards
  A howler monkey zombie (D:7)
  8 adders
  17 gnolls
  A river rat (D:6)
  4 white imps
  2 ufetubi (D:5)
  2 worms
  3 dart slugs
  80 orcs
  10 bats
  30 endoplasms
  15 giant cockroaches
  3 goblins (D:1)
  7 hobgoblins
  3 jackals (D:2)
  28 kobolds
  10 quokkas
  13 ball pythons
  10 frilled lizards (Sewer)
  7 rats
  A spectral kobold (D:5)
761 creatures vanquished.

Vanquished Creatures (collateral kills)
  A black mamba (Lair:5)
  2 wyverns (Lair:5)
  3 yaks (Lair:5)
  A redback (Lair:5)
  An orc warrior (Orc:2)
  A jelly (Lair:2)
9 creatures vanquished.

Vanquished Creatures (others)
  A wolf spider (Lair:5)
  2 black mambas (Lair:5)
  3 yaks
  A water moccasin (Lair:2)
  3 orc warriors (Orc:2)
  2 jellies (Lair:2)
  An orc priest (Orc:2)
  An orc (Orc:2)
14 creatures vanquished.

Grand Total: 784 creatures vanquished

Notes
Turn   | Place    | Note
-------+----------+-------------------------------------------
     0 | D:1      | Armakuni the Human Fighter began the quest for the Orb.
     0 | D:1      | Reached XP level 1. HP: 18/18 MP: 1/1
    39 | D:1      | Reached XP level 2. HP: 13/24 MP: 2/2
    79 | D:1      | Reached skill level 3 in Long Blades
   239 | D:1      | Reached XP level 3. HP: 29/29 MP: 3/3
   367 | D:1      | Found a faded altar of an unknown god.
  1060 | D:2      | Noticed Jessica
  1080 | D:2      | Killed Jessica
  1081 | D:2      | Reached skill level 1 in Dodging
  1081 | D:2      | Reached XP level 4. HP: 31/35 MP: 4/4
  1395 | D:3      | Found a white marble altar of Elyvilon.
  1457 | D:3      | Found a shadowy altar of Dithmenos.
  1473 | D:3      | Found a stormy altar of Qazlal.
  1782 | D:3      | Reached XP level 5. HP: 41/41 MP: 5/5
  2102 | D:3      | Reached skill level 4 in Long Blades
  2601 | D:4      | Reached skill level 5 in Long Blades
  2601 | D:4      | Reached XP level 6. HP: 40/47 MP: 6/6
  2649 | D:4      | Found a glowing silver altar of Zin.
  2677 | D:5      | Entered Level 5 of the Dungeon
  2698 | D:5      | Found Adarick's Book Emporium.
  3356 | D:3      | Reached skill level 10 in Long Blades
  3356 | D:3      | Reached XP level 7. HP: 60/60 MP: 7/7
  4273 | D:5      | Reached XP level 8. HP: 62/67 MP: 8/8
  4287 | D:5      | Found a hazy altar of Hepliaklqana.
  4341 | D:5      | Noticed Grinder
  4353 | D:5      | Reached skill level 11 in Long Blades
  4361 | D:5      | Paralysed by Grinder for 2 turns
  4366 | D:5      | Paralysed by Grinder for 5 turns
  4390 | D:5      | Killed Grinder
  5320 | D:6      | Found a glowing drain.
  5340 | Sewer    | Entered a sewer
  5760 | D:6      | Reached skill level 1 in Short Blades
  5760 | D:6      | Reached XP level 9. HP: 66/72 MP: 9/9
  5829 | D:6      | Found Hearud's One-of-a-Kind Rings.
  6593 | D:7      | Found a staircase to the Ecumenical Temple.
  6604 | Temple   | Entered the Ecumenical Temple
  6609 | Temple   | Became a worshipper of Gozag Ym Sagoz the Greedy
  6655 | D:7      | Reached skill level 5 in Short Blades
  6905 | D:7      | Found a stormy altar of Qazlal.
  7052 | D:7      | Found a basalt altar of Yredelemnul.
  7085 | D:7      | Reached XP level 10. HP: 10/79 MP: 10/10
  7322 | D:7      | Reached skill level 12 in Long Blades
  7667 | D:7      | Found a sparkling altar of Nemelex Xobeh.
  7667 | D:7      | Found a transporter.
  7667 | D:7      | Noticed a brown ugly thing
  7668 | D:7      | Noticed a cyclops
  7878 | D:7      | Found a hide-covered altar of Uskayaw.
  7937 | D:7      | Found an opulent altar of Gozag.
  8773 | D:8      | Found Unneni Qutu's Distillery.
  8831 | D:8      | Bought a potion of degeneration for 14 gold pieces
  8834 | D:8      | Bought a potion of attraction for 42 gold pieces
  8883 | D:8      | Bought a potion of cancellation for 112 gold pieces
  8883 | D:8      | Bought a potion of invisibility for 112 gold pieces
  8883 | D:8      | Bought a potion of might for 56 gold pieces
  8992 | D:8      | Reached skill level 13 in Long Blades
  9447 | D:8      | Found an ornate altar of the Wu Jian Council.
  9447 | D:8      | Found an iron altar of Okawaru.
  9447 | D:8      | Found a snail-covered altar of Cheibriados.
  9447 | D:8      | Found a shimmering blue altar of Sif Muna.
  9447 | D:8      | Found a hazy altar of Hepliaklqana.
  9447 | D:8      | Found a glowing golden altar of the Shining One.
  9727 | D:9      | Found a radiant altar of Vehumet.
  9739 | D:9      | Noticed Amaemon
  9739 | D:9      | Noticed an orange demon
  9861 | D:9      | Found a glowing golden altar of the Shining One.
 10016 | D:9      | Found a broken altar of Ashenzari.
 10028 | D:9      | Killed an orange demon
 10329 | D:8      | Reached XP level 11. HP: 79/85 MP: 11/11
 10372 | D:10     | Entered Level 10 of the Dungeon
 10466 | D:10     | Found an iron altar of Okawaru.
 10605 | D:10     | Found Boafebir's Armour Boutique.
 10614 | D:10     | Paralysed by a hornet for 3 turns
 11603 | D:10     | Reached skill level 10 in Fighting
 11711 | D:10     | Found the +4 skin of Zhor {*Englaciate rC+++ SInv}
 12120 | D:11     | Noticed a cyclops
 12123 | D:11     | Noticed a manticore
 12132 | D:11     | Killed a cyclops
 12133 | D:11     | Reached skill level 5 in Dodging
 12457 | D:11     | Found a staircase to the Lair.
 12588 | D:11     | Reached XP level 12. HP: 77/97 MP: 12/12
 13392 | Lair:1   | Entered Level 1 of the Lair of Beasts
 13719 | Lair:1   | You fall into a shaft and drop 1 floor!
 14102 | Lair:1   | Bought a glimmering chain mail for 313 gold pieces
 14102 | Lair:1   | Identified the +5 chain mail of Gravitas {Str+4} (You
                  | bought it in a shop on level 1 of the Lair of Beasts)
 14135 | Lair:1   | Bought a pair of heavily runed gloves for 313 gold pieces
 14135 | Lair:1   | Identified the +0 pair of gloves "Ystroylle" {Rampage rC+}
                  | (You bought it in a shop on level 1 of the Lair of Beasts)
 14330 | Lair:1   | Noticed a catoblepas
 14345 | Lair:1   | Killed a catoblepas
 14346 | Lair:1   | Reached skill level 10 in Dodging
 15098 | Lair:2   | Found a staircase to the Shoals.
 15385 | Lair:1   | Bought a bloodstained helmet for 313 gold pieces
 15385 | Lair:1   | Identified the +1 helmet of Fortitude {+Inv rN+ Int-3
                  | Dex+3} (You bought it in a shop on level 1 of the Lair of
                  | Beasts)
 15462 | Lair:2   | Reached XP level 13. HP: 87/103 MP: 13/13
 15884 | Lair:3   | Reached skill level 10 in Armour
 16010 | Lair:3   | Reached skill level 1 in Evocations
 16045 | Lair:3   | Noticed a six-headed hydra
 16051 | Lair:3   | Killed a two-headed hydra
 16261 | Lair:3   | Found a hole to the Spider Nest.
 16560 | Lair:3   | Noticed a seven-headed hydra
 16573 | Lair:3   | Killed a one-headed hydra
 16574 | Lair:3   | Reached skill level 5 in Evocations
 17139 | Lair:4   | Reached skill level 14 in Long Blades
 17927 | Lair:4   | Found a runed translucent door.
 17927 | Lair:4   | Noticed a reaper
 18118 | Lair:5   | Entered Level 5 of the Lair of Beasts
 18123 | Lair:5   | Noticed Rupert
 18125 | Lair:5   | Paralysed by Rupert for 2 turns
 18419 | Lair:5   | Reached skill level 15 in Long Blades
 18419 | Lair:5   | Reached XP level 14. HP: 83/110 MP: 14/14
 19143 | Lair:5   | Found a runed translucent door.
 19302 | Lair:1   | Bought a transparent ring mail for 297 gold pieces
 19302 | Lair:1   | Identified the +0 ring mail "Hyddoih" {Slay+3} (You bought
                  | it in a shop on level 1 of the Lair of Beasts)
 19391 | D:12     | Reached skill level 16 in Long Blades
 19508 | D:12     | Found a staircase to the Orcish Mines.
 19636 | D:12     | Noticed Azrael
 19644 | D:12     | Killed Azrael
 19708 | D:12     | Noticed Josephine
 19721 | D:12     | Killed Josephine
 20387 | D:13     | Reached skill level 17 in Long Blades
 20537 | D:13     | Found Qumpool's Neck Hole.
 20544 | D:13     | Bought the amulet "Quroxt Gane" {Acrobat rElec rN+++ Regen+
                  | Dex-3} for 997 gold pieces
 21305 | D:14     | Noticed Kirke
 21328 | D:14     | Killed Kirke
 21363 | D:14     | Reached XP level 15. HP: 68/115 MP: 15/15
 21484 | D:14     | Reached skill level 18 in Long Blades
 21512 | D:14     | Found a sacrificial altar of Ru.
 21725 | D:14     | Noticed Lodul
 21737 | D:14     | Killed Lodul
 21972 | D:14     | Found a gate to the Vaults.
 22114 | D:15     | Entered Level 15 of the Dungeon
 22483 | D:15     | Reached skill level 19 in Long Blades
 22565 | D:15     | Found a shimmering blue altar of Sif Muna.
 22711 | D:15     | Upgraded the game from 0.31-a0-1111-ga3525b893c to
                  | 0.31-a0-1118-gbca3d03946
 23143 | D:15     | Found a staircase to the Depths.
 23268 | D:13     | Bought a scarf of resistance for 544 gold pieces
 23276 | D:13     | Upgraded the game from 0.31-a0-1118-gbca3d03946 to
                  | 0.31-a0-1134-gb247575874
 23331 | Orc:1    | Entered Level 1 of the Orcish Mines
 23467 | Orc:1    | You fall into a shaft and drop 1 floor!
 23467 | Orc:2    | Entered Level 2 of the Orcish Mines
 23467 | Orc:2    | Found a gate leading to a gauntlet.
 23468 | Orc:2    | Noticed an orc warlord
 23473 | Gauntlet | Entered a Gauntlet
 23473 | Gauntlet | Found a transporter.
 23473 | Gauntlet | Found a transporter.
 23473 | Gauntlet | Found a transporter.
 23477 | Gauntlet | Found a transporter.
 23480 | Gauntlet | Found a transporter.
 23480 | Gauntlet | Found a transporter.
 23490 | Gauntlet | Found a transporter.
 23494 | Gauntlet | Found a transporter.
 23504 | Gauntlet | Found a transporter.
 23607 | Gauntlet | Found a transporter.
 23609 | Gauntlet | Found a transporter.
 23619 | Gauntlet | Found a transporter.
 23794 | Gauntlet | Identified the amulet "Bousch" {Faith rC+ Will+ rCorr
                  | Int-4}
 23896 | Gauntlet | Identified the +1 helmet of the Devil's Advocate {rF++}
 23897 | Gauntlet | Got Meckuc's Catalogue of the Brume and Battle Magic
 23992 | Orc:2    | Killed an orc warlord
 24610 | Depths:1 | Entered Level 1 of the Depths
 24610 | Depths:1 | Noticed a stone giant
 24611 | Depths:1 | Noticed a stone giant
 25165 | Orc:2    | Found Guojoepn's Distillery.
 25185 | Orc:2    | Reached skill level 1 in Ranged Weapons
 25188 | Orc:2    | Found Zixedutu's Magic Scroll Boutique.
 25299 | Orc:2    | Bought a potion of heal wounds for 70 gold pieces
 25299 | Orc:2    | Bought a potion of berserk rage for 70 gold pieces
 25301 | Orc:2    | Bought a scroll of teleportation for 42 gold pieces
 25301 | Orc:2    | Bought a scroll of teleportation for 42 gold pieces
 25301 | Orc:2    | Bought a scroll of teleportation for 42 gold pieces
 25301 | Orc:2    | Bought a scroll of teleportation for 42 gold pieces
 25360 | Orc:2    | Reached XP level 16. HP: 96/122 MP: 16/16
 25406 | Orc:2    | Reached skill level 5 in Ranged Weapons
 25534 | Orc:2    | Found Soliph's Book Shoppe.
 25534 | Orc:2    | Found Boats's Antique Armour Emporium.
 25535 | Orc:2    | Found a one-way gate leading to the halls of Pandemonium.
 25541 | Orc:2    | Bought a manual of Ranged Weapons for 800 gold pieces
 25583 | Orc:2    | Bought 2 scrolls of brand weapon for 266 gold pieces
 25583 | Orc:2    | Bought a scroll of enchant armour for 105 gold pieces
 25583 | Orc:2    | Bought a scroll of enchant armour for 105 gold pieces
 25815 | Orc:2    | Found a staircase to the Elven Halls.
 26276 | Lair:1   | Bought a faintly humming plate armour for 1008 gold pieces
 26276 | Lair:1   | Identified the +0 plate armour "Busuzeje" {rF+ Dex+2
                  | Stlth+} (You bought it in a shop on level 1 of the Lair of
                  | Beasts)
 26341 | Shoals:1 | Entered Level 1 of the Shoals
 26353 | Shoals:1 | Killed from afar by a water nymph

Illustrated notes

Levels and vault maps discovered:
D:1:      elethiomel_arrival_shortcut, layout_basic, basic_ecumenical_altar
D:2:      layout_basic, uniq_jessica
D:3:      layout_basic, nicolae_dithmenos_the_darkroom, elyvilon_altar_5,
          grunt_qazlal_clouds
D:4:      layout_rooms, zin_scriptorium
D:5:      layout_cave_pods, nicolae_hepliaklqana_monster_ancestors,
          serial_shops, nicolae_stop_n_shop_2, kennysheep_generic_room_15,
          uniq_grinder
D:6:      layout_rooms, gup_sewer_entry_bubbles, nicolae_shop_unique_rings
D:7:      layout_basic, grunt_nemelex_the_gamble, nicolae_uskayaw_dance_studio,
          nicolae_yredelemnul_corpse_copse, minmay_temple_entry_large_hall,
          chequers_arboretum, hangedman_feature_mirror, dk_noncrumbling_3
D:8:      cheibrodos_fertilizer, layout_cave_pools, serial_shops, shop
D:9:      layout_roguey [special_room_orc], ashenzari_conservatory_becter,
          fedhas_bush_and_centaur_altar, lemuel_tele_altar,
          nicolae_vehumet_altar_sigil, nicolae_overflow_hidden_temple,
          uniq_amaemon
D:10:     layout_irregular_city, okawaru_trees_1, nicolae_stop_n_shop_1,
          hellmonk_guarded_unrand_zhor
D:11:     layout_loops_cross, lair_entry_dummy, grunt_tough_drop
D:12:     layout_basic, hiddenorc2_lemuel, uniq_josephine, uniq_azrael
D:13:     layout_irregular_city, nicolae_shop_sticking_my_neck_out
D:14:     layout_roguey [special_room_bee], david_vaults_1,
          nicolae_ru_path_of_blood, uniq_lodul, uniq_kirke
D:15:     grunt_enter_depths_hoard, layout_loops_corners,
          nicolae_figureground_sparkle, hellmonk_sif_muna_bookshelves
Temple:   hellmonk_temple_micro_hex
Lair:1:   layout_loops_ring
Lair:2:   lemuel_slime, layout_cave_shapes, elwin_shoals_entry_rooms,
          grunt_megastairs_4, serial_bayou_shore_a, infiniplex_staircase_pool_2
Lair:3:   layout_roguey, spider_nest_entry_webs, grunt_megastairs_3,
          lemuel_fruit_tree
Lair:4:   layout_cave_pods, minmay_lair_oklob_items,
          pdpol_lair_cabin_in_the_woods, grunt_megastairs_2
Lair:5:   hangedman_lair_tendril_chambers, layout_layer_cave,
          nicolae_slime_entry_slimehenge, ebering_ghost_reflecting_pool,
          uniq_rupert
Shoals:1: cheibrodos_shoals_roost, layout_shoals, nicolae_shoals_beach_cooler
Orc:1:    layout_caves
Orc:2:    pf_orc_diabolical, layout_caves, gauntlet_entry_generic, basic_altar
Depths:1: due_jory_tower, layout_cave_pools, pf_coc_iceberg,
          serial_library_hellmonk_junction, st_stairs_8,
          hangedman_decor_slide_cut, minmay_misc_feat_columns,
          kennysheep_treasure_room

Skill      XL: |  1  2  3  4  5  6  7  8  9 10 11 12 13 14 15 16 |
---------------+-------------------------------------------------+-----
Long Blades    | 3 5 10 11 13 15 17 19 | 19.6
Dodging        | 1 2 6 10 11 | 11.2
Fighting       | 7 10 | 10.0
Armour         | 7 9 10 | 10.0
Short Blades   | 1 6 |  6.6
Shields        | 4 |  4.0
Evocations     | 5 |  5.0
Ranged Weapons | 3 8 |  8.5

Action                     |  1- 3 |  4- 6 |  7- 9 | 10-12 | 13-15 | 16-18 || total
---------------------------+-------+-------+-------+-------+-------+-------++-------
  Melee: Long sword        |    92 |   131 |   126 |       |       |       ||   349
         Dagger            |       |       |   290 |       |       |       ||   290
         Scimitar          |       |       |   101 |   690 |  1357 |   166 ||  2314
         Falchion          |       |       |       |     6 |       |       ||     6
   Fire: Hand cannon       |       |       |       |       |       |     3 ||     3
  Throw: Dart              |       |       |       |     2 |     8 |       ||    10
         Throwing net      |       |       |       |       |     1 |       ||     1
 Invoke: Call Merchant     |       |       |       |     2 |     1 |       ||     3
  Evoke: Wand              |       |       |       |    15 |    43 |       ||    58
         Condenser vane    |       |       |       |       |     3 |       ||     3
    Use: Scroll            |     1 |    10 |     4 |     6 |     7 |     4 ||    32
         Potion            |       |     4 |     8 |     6 |     7 |     1 ||    26
   Stab: Distracted        |       |       |     2 |     3 |     9 |       ||    14
         Held in net/web   |       |       |       |       |     2 |       ||     2
         Invisible         |       |       |       |       |    27 |       ||    27
 Armour: Scale mail        |    68 |    92 |   272 |   209 |       |       ||   641
         Skin              |       |       |     5 |       |       |       ||     5
         Animal skin       |       |       |       |    92 |       |       ||    92
         Chain mail        |       |       |       |    62 |   543 |    91 ||   696
  Dodge: Dodged            |    50 |    65 |   191 |   306 |   631 |   110 ||  1353
  Block: Buckler           |    33 |    34 |    87 |   153 |   358 |    71 ||   736

Table legend: (Time is in decaauts)
 A = Elapsed time spent in this place.
 B = Non-inter-level travel time spent in this place.
 C = Inter-level travel time spent in this place.
 D = Time resting spent in this place.
 E = Time spent auto-exploring this place.
 F = Levels seen in this place.
 G = Mean time per level.
                   A        B        C        D        E       F      G
               +--------+--------+--------+--------+--------+-----+--------+
         Total |  25852 |  24265 |   1587 |   5221 |  11343 |  27 |  957.5 |
       Dungeon |  17362 |  16419 |    943 |   3957 |   7784 |  15 | 1157.5 |
        Temple |     10 |      6 |      4 |      0 |      0 |   1 |   10.0 |
          Lair |   5877 |   5342 |    535 |   1160 |   2612 |   5 | 1175.4 |
        Shoals |     13 |     13 |      0 |      0 |      0 |   1 |   13.0 |
  Orcish Mines |   1738 |   1635 |    103 |     73 |    754 |   2 |  869.0 |
        Depths |      1 |      1 |      0 |      0 |      0 |   1 |    1.0 |
         Sewer |    390 |    390 |      0 |      0 |     42 |   1 |  390.0 |
      Gauntlet |    457 |    457 |      0 |     30 |    150 |   1 |  457.0 |
               +--------+--------+--------+--------+--------+-----+--------+

Top non-repeatable levels by time:
     D:7: 2219 daAuts
    D:10: 1806 daAuts
     D:3: 1692 daAuts
  Lair:4: 1515 daAuts
    D:15: 1444 daAuts
  Lair:3: 1365 daAuts
     D:5: 1232 daAuts
   Orc:2: 1200 daAuts
  Lair:1: 1170 daAuts
    D:12: 1170 daAuts
    D:11: 1164 daAuts
  Lair:2: 1142 daAuts
     D:8: 1106 daAuts
    D:14: 993 daAuts
     D:6: 903 daAuts
